 Dungeon Crawl Stone Soup version 0.30-a0-862-g1aabd4f9c5 (webtiles) character file.

Game seed: 8887474503344664235

129130 scionoferis the Thaumaturge (level 16, -20/122 HPs)
             Began as a Mummy Venom Mage on Mar 7, 2023.
             Was a High Priest of Sif Muna.
             Demolished by a radroach (34 damage)
             ... on level 2 of the Spider Nest on Mar 9, 2023.
             The game lasted 04:08:40 (40635 turns).

scionoferis the Thaumaturge (Mummy Venom Mage)     Turns: 40635, Time: 04:08:40

Health: -20/122    AC: 11    Str: 12    XL:     16   Next: 50%
Magic:  19/33      EV: 14    Int: 36    God:    Sif Muna [*****.]
Gold:   2365       SH: 10    Dex: 13    Spells: 17/41 levels left

rFire   + . .      SeeInvis .    a - +7 trident of the Twisting Saviour {speed, rElec rF+ Int+3}
rCold   + + .      Faith    +    W - +0 kite shield {rC+ rF+}
rNeg    + + +      Spirit   .    k - +2 robe {Archmagi}
rPois   ∞          Reflect  .    u - +2 hat {Will+}
rElec   +          Rampage  .    M - +1 cloak {Stlth+}
rCorr   .          Archmagi +    y - +0 pair of gloves
Will    +++..                    r - +1 pair of boots
Stlth   ++++                     v - amulet of the acrobat
HPRegen 0.40/turn                n - +6 ring of intelligence
MPRegen 0.23/turn                S - +6 ring of intelligence

@: slightly contaminated
A: cold resistance 1, negative energy resistance 3, torment resistance 2, heat
vulnerability 1, in touch with death 2, no potions, faith
a: Renounce Religion, Channel Magic, Forget Spell, Divine Exegesis


You were on level 2 of the Spider Nest.
You worshipped Sif Muna.
Sif Muna was extremely pleased with you.
You visited 5 branches of the dungeon, and saw 26 of its levels.
You also visited: Sewer, Ossuary, Bailey, Gauntlet and Ice Cave.

You collected 2902 gold pieces.
You spent 537 gold pieces at shops.


Innate Abilities, Weirdness & Mutations

You are immune to poison.
Your flesh is cold resistant. (rC+)
You are immune to negative energy. (rN+++)
You are immune to unholy pain and torment.
You are vulnerable to heat. (rF-)
You are strongly in touch with the powers of death.
You do not drink.
You have a special connection with the divine. (Faith)


   Skills:
 - Level 10.0 Fighting
 - Level 5.8(6.4) Polearms
 - Level 3.8(5.4) Staves
 - Level 3.0 Armour
 - Level 8.0 Dodging
 - Level 5.0 Stealth
 + Level 8.7 Shields
 - Level 13.0 Spellcasting
 - Level 10.0 Conjurations
 - Level 1.0 Transmutations
 * Level 8.5 Fire Magic
 - Level 5.0 Ice Magic
 - Level 3.0 Air Magic
 - Level 3.0 Poison Magic
 - Level 9.0 Invocations
 - Level 6.0 Evocations


You had 17 spell levels left.
You knew the following spells:

 Your Spells              Type           Power      Damage    Failure   Level
a - Magic Dart            Conj           100%       1d8       1%          1
b - Iskenderun's Battles  Conj           97%        2d14      1%          5
c - Mephitic Cloud        Conj/Pois/Air  75%        N/A       1%          3
f - Fireball              Conj/Fire      47%        3d19      2%          5
h - Hailstorm             Conj/Ice       86%        3d17      1%          3
s - Stone Arrow           Conj/Erth      100%       3d13      1%          3
w - Flame Wave            Conj/Fire      94%        2d20      1%          4

Your spell library contained the following spells:

 Spells                   Type           Power      Damage    Failure   Level
 Foxfire                  Conj/Fire      100%       2x1d9     1%          1
 Kiss of Death            Conj/Necr      100%       2d13      1%          1
 Sting                    Tmut/Pois      100%       1d8       1%          1
 Poisonous Vapours        Pois/Air       100%       N/A       1%          2
 Static Discharge         Conj/Air       100%       2-7/arc   1%          2
 Ignite Poison            Fire/Tmut/Pois 69%        N/A       2%          3
 Kindle Blastsparks       Fire/Tloc/Air  100%       2d18      2%          3
 Slow                     Hex            100%       N/A       4%          1
 Summon Small Mammal      Summ           100%       N/A       4%          1
 Call Imp                 Summ           35%        N/A       6%          2
 Vhi's Electric Charge    Tloc/Air       100%       N/A       6%          3
 Arcjolt                  Conj/Air       40%        1d50      8%          5
 Lightning Bolt           Conj/Air       40%        1d59      8%          5
 Freezing Cloud           Conj/Ice/Air   39%        6-21      10%         5
 Call Canine Familiar     Summ           35%        N/A       12%         3
 Confusing Touch          Hex            35%        N/A       12%         3
 Summon Guardian Golem    Hex/Summ       35%        N/A       12%         3
 Tukima's Dance           Hex            35%        N/A       12%         3
 Vampiric Draining        Necr           68%        2d10      12%         3
 Olgreb's Toxic Radiance  Pois           61%        N/A       12%         4
 Irradiate                Conj/Tmut      38%        3d24      12%         5
 Starburst                Conj/Fire      47%        6d13      14%         6
 Summon Lightning Spire   Summ/Air       51%        N/A       22%         4
 Petrify                  Tmut/Erth      40%        N/A       32%         4
 Animate Armour           Summ/Erth      70%        N/A       36%         4
 Manifold Assault         Tloc           35%        N/A       36%         4
 Passage of Golubria      Tloc           35%        N/A       36%         4
 Metabolic Englaciation   Hex/Ice        29%        N/A       36%         5
 Silence                  Hex/Air        25%        N/A       52%         5
 Iron Shot                Conj/Erth      36%        9d7       61%         6
 Yara's Violent Unravell  Hex/Tmut       20%        3d9       65%         5
 Agony                    Necr           68%        N/A       73%         5
 Borgnjor's Vile Clutch   Necr/Erth      34%        N/A       73%         5
 Summon Forest            Summ/Tloc      17%        N/A       73%         5
 Summon Mana Viper        Hex/Summ       35%        N/A       73%         5
 Simulacrum               Ice/Necr       48%        N/A       91%         6
 Dispersal                Tloc           17%        N/A       99%         6
 Summon Cactus Giant      Summ           17%        N/A       99%         6
 Ozocubu's Refrigeration  Ice            36%        4d15      99%         7
 Disjunction              Tloc           17%        N/A       100%        8
 Ignition                 Fire           45%        3d13      100%        8
 Lehudib's Crystal Spear  Conj/Erth      36%        10d9      100%        8
 Maxwell's Capacitive Co  Air            30%        ∞         100%        8
 Chain Lightning          Conj/Air       40%        3d54      100%        9
 Fire Storm               Conj/Fire      47%        8d12      100%        9
 Shatter                  Erth           17%        3d16*     100%        9
 Ice Form                 Ice/Tmut       Unusable   N/A       N/A         4
 Blade Hands              Tmut           Unusable   N/A       N/A         5
 Statue Form              Tmut/Erth      Unusable   N/A       N/A         6
 Storm Form               Tmut/Air       Unusable   N/A       N/A         7

Inventory:

Hand Weapons
 a - the +7 trident of the Twisting Saviour (weapon) {speed, rElec rF+ Int+3}
   (You found it on level 8 of the Dungeon)

   Int:       It affects your intelligence (+3).
   rF:        It protects you from fire.
   rElec:     It insulates you from electricity.
 d - a +2 dagger of electrocution
   (You took it off an orc on level 1 of the Orcish Mines)
 p - the +2 scimitar "Sitea" {protect, Will+ Str+2}
   (You found it in a Gauntlet)

   Str:       It affects your strength (+2).
   Will:      It increases your willpower.
Missiles
 g - 26 poisoned darts (quivered)
 F - a curare-tipped dart
Armour
 k - a +2 robe of the Archmagi (worn)
   (You took it off an orc sorcerer on level 1 of the Orcish Mines)
 r - a +1 pair of boots (worn)
   (You found it on level 4 of the Dungeon)
 u - a +2 hat of willpower (worn)
   (You acquired it on level 11 of the Dungeon)
 y - a +0 pair of gloves (worn)
   (You found it on level 15 of the Dungeon)
 M - a +1 cloak of stealth (worn)
   (You found it on level 8 of the Dungeon)
 O - a +2 ring mail of fire resistance
   (You took it off Urug on level 4 of the Lair of Beasts)
 W - a +0 kite shield of resistance (worn)
   (You found it on level 5 of the Lair of Beasts)
Magical Staves
 b - a staff of conjuration
   (You found it on level 3 of the Dungeon)
Jewellery
 j - the ring of Ogyats {rPois rN+ EV+5}
   (You found it on level 2 of the Dungeon)

   [ring of evasion]

   EV:        It affects your evasion (+5).
   rPois:     It protects you from poison.
   rN:        It protects you from negative energy.
 n - a +6 ring of intelligence (left hand)
   (You found it on level 8 of the Dungeon)
 t - a +4 ring of protection
   (You found it on level 12 of the Dungeon)
 v - an amulet of the acrobat (around neck)
   (You found it on level 5 of the Dungeon)
 w - a ring of see invisible
   (You bought it in a shop on level 11 of the Dungeon)
 x - a ring of protection from fire
   (You found it on level 2 of the Lair of Beasts)
 B - an amulet of reflection
   (You found it on level 1 of the Spider Nest)
 I - a ring of protection from cold
   (You found it on level 2 of the Spider Nest)
 K - the ring of Ehisu {Ice rElec rPois Dex+2 Slay+2}
   (You found it in an ice cave)

   [ring of ice]

   It enhances your ice magic.
   Dex:       It affects your dexterity (+2).
   Slay:      It affects your accuracy & damage with ranged weapons and melee
   (+2).
   rF:        It makes you vulnerable to fire.
   rC:        It protects you from cold.
   rElec:     It insulates you from electricity.
   rPois:     It protects you from poison.
 S - a +6 ring of intelligence (right hand)
   (You found it on level 5 of the Lair of Beasts)
 T - a ring of flight
   (You found it on level 3 of the Dungeon)
 U - a ring of fire
   (You found it on level 5 of the Lair of Beasts)
Wands
 f - a wand of flame (34)
   (You found it on level 6 of the Dungeon)
 z - a wand of quicksilver (12)
   (You found it on level 7 of the Dungeon)
 C - a wand of polymorph (11)
   (You found it on level 2 of the Lair of Beasts)
 D - a wand of mindburst (8)
   (You found it on level 13 of the Dungeon)
 H - a wand of digging (5)
   (You found it on level 3 of the Lair of Beasts)
 J - a wand of paralysis (13)
   (You found it on level 3 of the Lair of Beasts)
 R - a wand of iceblast (13)
   (You found it on level 11 of the Dungeon)
Scrolls
 c - 2 scrolls of magic mapping
 e - a scroll of blinking
 h - 6 scrolls of fear
 i - 13 scrolls of teleportation
 l - 6 scrolls of butterflies
 o - 9 scrolls of fog
 q - 5 scrolls of poison
 s - 4 scrolls of torment
 A - a scroll of enchant armour
 G - 6 scrolls of vulnerability
Miscellaneous
 E - a condenser vane
   (You found it on level 13 of the Dungeon)
 X - a tin of tremorstones (2/2)
   (You found it on level 5 of the Lair of Beasts)

Dungeon Overview and Level Annotations

Branches:
Dungeon (15/15)            Temple (1/1) D:7            Lair (5/5) D:11
 Shoals (0/4) Lair:2       Spider (3/4) Lair:3        Slime (0/5) Lair:4
    Orc (2/2) D:11            Elf (0/3) Orc:2        Vaults (0/5) D:14
 Depths (0/4) D:15          Sewer (visited)         Ossuary (visited)
 Bailey (visited)           IceCv (visited)         Gauntlet (visited)

Altars:
Ashenzari
Cheibriados
Dithmenos
Fedhas
Gozag
Hepliaklqana
Kikubaaqudgha
Makhleb
Nemelex Xobeh
Okawaru
Qazlal
Ru
Sif Muna
Trog
Uskayaw
Vehumet
Wu Jian
Xom
Yredelemnul
Jiyva

Shops:
D:11 =(!(   D:12 :   Orc:1 !   Orc:2 (=*(

Portals:
Trove: D:15 (give 6 scrolls of blinking)

Annotations:
Spider:3 Kirke, Mara

.....#.#.###......[.###...###
.............^.....^###...#.##
...................##.#......##
####.............~##...#......###
...........^[.#~≈≈~#......!..#~≈#
.............##.~#.....†.....#≈~)
............##.^#≈#.........##~..
.^#........##.....##.......^..~..
..#........#....@..##....^......#
........^....<#..B............!.^
........#.....#..................
^.......~.#.###...........###....
.......≈≈~~≈≈##?~#........# #!...
.....^~#≈≈≈#≈≈≈≈##..^.....###....
.....#~≈≈≈≈≈≈~≈≈≈~#......##~.....
.....≈≈≈≈#≈≈~.~≈~.......##.~~....
~..#~##≈≈#~#..#.........#...##...


You could see a radroach.


Message History

A culicivora comes into view.
The jumping spider pounces on you but does no damage.
The jumping spider bites you but does no damage.
The culicivora moves out of view.
Casting: Iskenderun's Battlesphere (dangerous; 2% risk of failure)
Confirm with . or Enter, or press ? or * to list all spells.
Aiming: Magic Dart (safe; 1% risk of failure)
Press: ? - help, Shift-Dir - straight line, f - jumping spider
Aim: a jumping spider (100% to hit)
You feel a strong surge of power!
The magic dart hits the jumping spider but does no damage.
Your battlesphere fires!
The barrage of energy hits the jumping spider!
The jumping spider is moderately wounded.
The jumping spider leaps!
Casting: Magic Dart (safe; 1% risk of failure)
Confirm with . or Enter, or press ? or * to list all spells.
Aiming: Magic Dart (safe; 1% risk of failure)
Press: ? - help, Shift-Dir - straight line, f/p - jumping spider
Aim: a jumping spider (moderately wounded, ally target, 100% to hit)
You feel a strong surge of power!
The magic dart hits the jumping spider.
The jumping spider is moderately wounded.
Your battlesphere fires!
The barrage of energy hits the jumping spider!
The jumping spider is severely wounded.
The jumping spider leaps! x2; The culicivora completely misses you.
The jumping spider leaps!
The culicivora barely misses you.
Casting: Magic Dart (safe; 1% risk of failure)
Confirm with . or Enter, or press ? or * to list all spells.
Casting: Flame Wave (mildly dangerous; 1% risk of failure)
Press: ? - help, Dir - look around, f - activate You feel a strong surge of power!
A wave of flame ripples out!
The flame wave engulfs the jumping spider!
You kill the jumping spider!
Sif Muna accepts your kill.
The flame wave engulfs the culicivora!!
The culicivora is almost dead. (Press . to intensify the flame waves.)
Your battlesphere fires!
The barrage of energy hits the culicivora!
You kill the culicivora!
Sif Muna accepts your kill.
A wave of flame ripples out!
The flame wave engulfs the jumping spider!!
You kill the jumping spider!
Sif Muna accepts your kill.
You start resting.
HP restored.
You start resting.
Your battlesphere wavers and loses cohesion.
You start resting.
Magic restored.
You see here a jumping spider corpse.
You now have 2365 gold pieces (gained 14).
You see here a jumping spider corpse.
Found a trident.
Found an escape hatch in the floor.
You see here a +0 trident.
There is a stone staircase leading down here.
You see here a viscous white potion.
Found 6 stones.
You are caught in the web!
There is a web here.
You disentangle yourself.
Found a stone staircase leading up.
Found a chain mail.
You see here a +0 club.
You see here a +0 club.
You are caught in the web!
There is a web here.
You disentangle yourself.
Found a stone staircase leading up.
You enter the shallow water.
Moving in this stuff is going to be slow.
Done exploring.
Done exploring.
Search for what [Enter for "amnesia", or ? for help]? spider Unknown command.
Unknown command.
Search for what [Enter for "spider", or ? for help]? rF+ Unknown command.
Okay, then.
Unknown command.
Unknown command.
Unknown command.
You have 2365 gold pieces.
Save game and exit?
Welcome back, scionoferis the Mummy Venom Mage.
Sif Muna whispers: I know many secrets...
Press ? for a list of commands and other information.
Search for what [? for help]? book Unknown command.
Unknown command.
Save game and exit?
Welcome back, scionoferis the Mummy Venom Mage.
Sif Muna whispers: I know many secrets...
Press ? for a list of commands and other information.
Unknown command.
Unknown command.
Done exploring.
There is a stone staircase leading down here.
You climb downwards.
There is a stone staircase leading up here.
A wolf spider and an orb spider come into view.
Unknown command.
Cast which spell? (? or * to list)
Aiming: Fireball (dangerous; 3% risk of failure)
Press: ? - help, Shift-Dir - straight line, f - orb spider
Aim: an orb spider (asleep)
Okay, then.
Unknown command.
Unknown command.
Casting: Fireball (dangerous; 3% risk of failure)
Confirm with . or Enter, or press ? or * to list all spells.
Casting: Hailstorm (safe; 1% risk of failure)
Press: ? - help, Dir - look around, f - activate You feel a strong surge of power!
A cannonade of hail descends around you!
The hail pelts the orb spider!!!
You kill the orb spider!
Sif Muna accepts your kill.
Your Fire Magic skill increases to level 8!
You start resting.
Magic restored.
Casting: Hailstorm (safe; 1% risk of failure)
Confirm with . or Enter, or press ? or * to list all spells.
You feel a strong surge of power!
You conjure a globe of magical energy.
The wolf spider's many legs skitter.
The wolf spider barely misses your battlesphere.
The wolf spider bites your battlesphere.
The wolf spider hits your battlesphere!!
The wolf spider bites your battlesphere!
Your battlesphere is destroyed!
There is a stone staircase leading up here.
Casting: Iskenderun's Battlesphere (dangerous; 2% risk of failure)
Confirm with . or Enter, or press ? or * to list all spells.
You feel a strong surge of power!
You conjure a globe of magical energy.
The wolf spider hits you but does no damage.
You block the wolf spider's attack.
Casting: Iskenderun's Battlesphere (dangerous; 2% risk of failure)
Confirm with . or Enter, or press ? or * to list all spells.
Aiming: Magic Dart (safe; 1% risk of failure)
Press: ? - help, Shift-Dir - straight line, f - wolf spider
Aim: a wolf spider (100% to hit)
You feel a strong surge of power!
The magic dart hits the wolf spider.
The wolf spider is lightly wounded.
The wolf spider misses you. You block the wolf spider's attack.
Casting: Magic Dart (safe; 1% risk of failure)
Confirm with . or Enter, or press ? or * to list all spells.
Aiming: Magic Dart (safe; 1% risk of failure)
Press: ? - help, Shift-Dir - straight line, f/p - wolf spider
Aim: a wolf spider (lightly wounded, 100% to hit)
You feel a strong surge of power!
The magic dart hits the wolf spider.
The wolf spider is lightly wounded.
Your battlesphere fires!
The barrage of energy hits the wolf spider!
The wolf spider is heavily wounded.
You block the wolf spider's attack.
The wolf spider bites you but does no damage.
The wolf spider hits you.
The wolf spider bites you but does no damage.
Casting: Magic Dart (safe; 1% risk of failure)
Confirm with . or Enter, or press ? or * to list all spells.
Aiming: Magic Dart (safe; 1% risk of failure)
Press: ? - help, Shift-Dir - straight line, f/p - wolf spider
Aim: a wolf spider (heavily wounded, ally target, 100% to hit)
You feel a strong surge of power!
The magic dart hits the wolf spider but does no damage.
The wolf spider is heavily wounded.
Your battlesphere fires!
The barrage of energy hits the wolf spider!
The wolf spider is almost dead.
The wolf spider hits you but does no damage.
The wolf spider bites you!
Casting: Magic Dart (safe; 1% risk of failure)
Confirm with . or Enter, or press ? or * to list all spells.
Aiming: Magic Dart (safe; 1% risk of failure)
Press: ? - help, Shift-Dir - straight line, f/p - wolf spider
Aim: a wolf spider (almost dead, ally target, 100% to hit)
You feel a strong surge of power!
The magic dart hits the wolf spider.
The wolf spider is almost dead.
Your battlesphere fires!
The barrage of energy hits the wolf spider.
You kill the wolf spider!
Sif Muna accepts your kill.
You climb upwards.
Your summoned ally is left behind.
Your battlesphere wavers and loses cohesion.
There is a stone staircase leading down here.
You start resting.
HP restored.
You start resting.
Magic restored.
You climb downwards.
There is a stone staircase leading up here.
A jumping spider comes into view.
The jumping spider's many legs skitter faintly.
The jumping spider moves out of view.
A pharaoh ant comes into view.
The jumping spider leaps!
Casting: Magic Dart (safe; 1% risk of failure)
Confirm with . or Enter, or press ? or * to list all spells.
You feel a strong surge of power!
You conjure a globe of magical energy.
The pharaoh ant gives a chilling moan.
Casting: Iskenderun's Battlesphere (dangerous; 2% risk of failure)
Confirm with . or Enter, or press ? or * to list all spells.
Aiming: Magic Dart (safe; 1% risk of failure)
Press: ? - help, Shift-Dir - straight line, f - pharaoh ant
Aim: a pharaoh ant (100% to hit)
You feel a strong surge of power!
The magic dart hits the pharaoh ant.
The pharaoh ant is lightly damaged.
Your battlesphere fires!
The barrage of energy hits the pharaoh ant!!
The pharaoh ant is severely damaged.
Casting: Magic Dart (safe; 1% risk of failure)
Confirm with . or Enter, or press ? or * to list all spells.
Aiming: Magic Dart (safe; 1% risk of failure)
Press: ? - help, Shift-Dir - straight line, f/p - pharaoh ant
Aim: a pharaoh ant (severely damaged, ally target, 100% to hit)
You feel a strong surge of power!
The magic dart hits the pharaoh ant.
The pharaoh ant is severely damaged.
Your battlesphere fires!
The barrage of energy hits the pharaoh ant!
The pharaoh ant is almost destroyed.
Casting: Magic Dart (safe; 1% risk of failure)
Confirm with . or Enter, or press ? or * to list all spells.
Aiming: Magic Dart (safe; 1% risk of failure)
Press: ? - help, Shift-Dir - straight line, f/p - pharaoh ant
Aim: a pharaoh ant (almost destroyed, ally target, 100% to hit)
You feel a strong surge of power!
The magic dart hits the pharaoh ant but does no damage.
The pharaoh ant is almost destroyed.
Your battlesphere fires!
The barrage of energy hits the pharaoh ant but does no damage.
The pharaoh ant is almost destroyed.
Casting: Magic Dart (safe; 1% risk of failure)
Confirm with . or Enter, or press ? or * to list all spells.
Aiming: Magic Dart (safe; 1% risk of failure)
Press: ? - help, Shift-Dir - straight line, f/p - pharaoh ant
Aim: a pharaoh ant (almost destroyed, ally target, 100% to hit)
You feel a strong surge of power!
The magic dart hits the pharaoh ant but does no damage.
The pharaoh ant is almost destroyed.
Your battlesphere fires!
The barrage of energy hits the pharaoh ant!
You destroy the pharaoh ant!
Sif Muna accepts your kill.
The pharaoh ant binds the souls of nearby monsters.
A redback comes into view.
Casting: Magic Dart (safe; 1% risk of failure)
Confirm with . or Enter, or press ? or * to list all spells.
Aiming: Magic Dart (safe; 1% risk of failure)
Press: ? - help, Shift-Dir - straight line, f - jumping spider
Aim: a jumping spider (soul bound, 100% to hit)
You feel a strong surge of power!
The magic dart hits the jumping spider.
The jumping spider is lightly wounded.
Your battlesphere fires!
The barrage of energy hits the jumping spider!
The jumping spider is moderately wounded.
Your battlesphere expends the last of its energy and dissipates.
Casting: Magic Dart (safe; 1% risk of failure)
Confirm with . or Enter, or press ? or * to list all spells.
Aiming: Magic Dart (safe; 1% risk of failure)
Press: ? - help, Shift-Dir - straight line, f/p - jumping spider
Aim: a jumping spider (moderately wounded, soul bound, 100% to hit)
You feel a strong surge of power!
The magic dart hits the jumping spider.
The jumping spider is heavily wounded.
Casting: Magic Dart (safe; 1% risk of failure)
Confirm with . or Enter, or press ? or * to list all spells.
You feel a strong surge of power!
You conjure a globe of magical energy.
You block the jumping spider's attack. The jumping spider closely misses you.
Casting: Iskenderun's Battlesphere (dangerous; 2% risk of failure)
Confirm with . or Enter, or press ? or * to list all spells.
Aiming: Magic Dart (safe; 1% risk of failure)
Press: ? - help, Shift-Dir - straight line, f/p - jumping spider
Aim: a jumping spider (heavily wounded, soul bound, 100% to hit)
You feel a strong surge of power!
The magic dart hits the jumping spider.
The jumping spider is heavily wounded.
Your battlesphere fires!
The barrage of energy hits the jumping spider.
The jumping spider is heavily wounded.
You block the jumping spider's attack. The jumping spider bites you.
The jumping spider barely misses you. The jumping spider closely misses you.
Casting: Magic Dart (safe; 1% risk of failure)
Confirm with . or Enter, or press ? or * to list all spells.
Aiming: Magic Dart (safe; 1% risk of failure)
Press: ? - help, Shift-Dir - straight line, f/p - jumping spider
Aim: a jumping spider (heavily wounded, soul bound, ally target, 100% to hit)
You feel a strong surge of power!
The magic dart hits the jumping spider but does no damage.
The jumping spider is heavily wounded.
Your battlesphere fires!
The barrage of energy hits the jumping spider!!
You kill the jumping spider!
Sif Muna accepts your kill.
A freezing mist starts to gather...
The redback bites you!
A jumping spider simulacrum comes into view.
Casting: Magic Dart (safe; 1% risk of failure)
Confirm with . or Enter, or press ? or * to list all spells.
Aiming: Magic Dart (safe; 1% risk of failure)
Press: ? - help, Shift-Dir - straight line, f - jumping spider simulacrum
Aim: a jumping spider simulacrum (100% to hit)
You feel a strong surge of power!
The magic dart hits the jumping spider simulacrum.
The jumping spider simulacrum is moderately damaged.
Your battlesphere fires!
The barrage of energy hits the redback!
The redback is heavily wounded.
The redback barely misses you.
The jumping spider simulacrum pounces on you!
The jumping spider simulacrum freezes you.
You resist.
You block the jumping spider simulacrum's attack.
The redback bites you!
Unknown command.
Casting: Magic Dart (safe; 1% risk of failure)
Confirm with . or Enter, or press ? or * to list all spells.
Aiming: Magic Dart (safe; 1% risk of failure)
Press: ? - help, Shift-Dir - straight line, f/p - jumping spider simulacrum
Aim: a jumping spider simulacrum (moderately damaged, 100% to hit)
You feel a strong surge of power!
The magic dart hits the jumping spider simulacrum but does no damage.
The jumping spider simulacrum is moderately damaged.
Your battlesphere fires!
The barrage of energy hits the redback!!
You kill the redback!
Sif Muna accepts your kill.
A freezing mist starts to gather...
The jumping spider simulacrum barely misses you. x2
A redback simulacrum comes into view.
Casting: Magic Dart (safe; 1% risk of failure)
Confirm with . or Enter, or press ? or * to list all spells.
Aiming: Magic Dart (safe; 1% risk of failure)
Press: ? - help, Shift-Dir - straight line, f/p - jumping spider simulacrum
Aim: a jumping spider simulacrum (moderately damaged, 100% to hit)
You feel a strong surge of power!
The magic dart hits the jumping spider simulacrum!
The jumping spider simulacrum is severely damaged.
Your battlesphere fires!
The barrage of energy hits the jumping spider simulacrum!!
The jumping spider simulacrum vaporises!
Casting: Magic Dart (safe; 1% risk of failure)
Confirm with . or Enter, or press ? or * to list all spells.
Aiming: Magic Dart (safe; 1% risk of failure)
Press: ? - help, Shift-Dir - straight line, f - redback simulacrum
Aim: a redback simulacrum (100% to hit)
You feel a strong surge of power!
The magic dart hits the redback simulacrum!
The redback simulacrum is moderately damaged.
Your battlesphere fires!
The barrage of energy hits the redback simulacrum!
The redback simulacrum is almost destroyed.
Casting: Magic Dart (safe; 1% risk of failure)
Confirm with . or Enter, or press ? or * to list all spells.
Aiming: Magic Dart (safe; 1% risk of failure)
Press: ? - help, Shift-Dir - straight line, f/p - redback simulacrum
Aim: a redback simulacrum (almost destroyed, ally target, 100% to hit)
You feel a strong surge of power!
The magic dart hits the redback simulacrum.
The redback simulacrum vaporises!
A culicivora comes into view.
There is a stone staircase leading up here.
You climb upwards.
Your summoned ally is left behind.
Your battlesphere wavers and loses cohesion.
There is a stone staircase leading down here.
You start resting.
HP restored.
You start resting.
Magic restored.
You climb downwards.
There is a stone staircase leading up here.
Casting: Magic Dart (safe; 1% risk of failure)
Confirm with . or Enter, or press ? or * to list all spells.
You feel a strong surge of power!
You conjure a globe of magical energy.
A broodmother comes into view.
A tarantella comes into view.
Casting: Iskenderun's Battlesphere (dangerous; 2% risk of failure)
Confirm with . or Enter, or press ? or * to list all spells.
Aiming: Mephitic Cloud (safe; 1% risk of failure)
Press: ? - help, Shift-Dir - straight line, f - broodmother
Aim: a broodmother (chance to affect: 43%)
Okay, then.
Unknown command.
Casting: Mephitic Cloud (safe; 1% risk of failure)
Confirm with . or Enter, or press ? or * to list all spells.
You feel a strong surge of power!
You imbue your battlesphere with additional charge.
The broodmother summons a spider!
Casting: Iskenderun's Battlesphere (dangerous; 2% risk of failure)
Confirm with . or Enter, or press ? or * to list all spells.
Okay, then.
The redback misses you.
The broodmother summons a spider!
There is a stone staircase leading up here.
Casting: Iskenderun's Battlesphere (dangerous; 2% risk of failure)
Confirm with . or Enter, or press ? or * to list all spells.
Aiming: Mephitic Cloud (safe; 1% risk of failure)
Press: ? - help, Shift-Dir - straight line, f - broodmother
Aim: a broodmother (chance to affect: 43%)
You feel a strong surge of power!
The ball explodes into a vile cloud!
The stinking cloud engulfs the broodmother but does no damage.
You hear an angry buzzing noise. x3
Your battlesphere fires!
The barrage of energy hits the redback!
The redback is heavily wounded.
The redback bites you!
The redback is healed somewhat.
The broodmother is engulfed in noxious fumes.
The broodmother appears confused.
The redback completely misses you.
Casting: Mephitic Cloud (safe; 1% risk of failure)
Confirm with . or Enter, or press ? or * to list all spells.
Okay, then.
Unknown command.
Casting: Mephitic Cloud (safe; 1% risk of failure)
Confirm with . or Enter, or press ? or * to list all spells.
Aiming: Fireball (dangerous; 3% risk of failure)
Press: ? - help, Shift-Dir - straight line, f/p - broodmother
Aim: a broodmother (noxious fumes, confused)
You feel a strong surge of power!
The fireball explodes!
The fireball engulfs the broodmother!!
The broodmother is lightly wounded.
You hear an angry buzzing noise.
Your battlesphere fires!
The barrage of energy hits the redback!!
You kill the redback!
The redback's corpse disappears in a puff of smoke!
The broodmother is healed somewhat.
The broodmother is engulfed in noxious fumes.
The broodmother is healed somewhat.
Casting: Fireball (dangerous; 3% risk of failure)
Confirm with . or Enter, or press ? or * to list all spells.
Aiming: Fireball (dangerous; 3% risk of failure)
Press: ? - help, Shift-Dir - straight line, f/p - broodmother
Aim: a broodmother (noxious fumes, lightly wounded, confused)
You feel a strong surge of power!
The fireball explodes!
The fireball engulfs the broodmother!!!
The broodmother is moderately wounded.
The fireball engulfs the tarantella!!
You kill the tarantella!
Sif Muna accepts your kill.
The broodmother is healed somewhat.
The broodmother is engulfed in noxious fumes.
Casting: Fireball (dangerous; 3% risk of failure)
Confirm with . or Enter, or press ? or * to list all spells.
Aiming: Fireball (dangerous; 3% risk of failure)
Press: ? - help, Shift-Dir - straight line, f/p - broodmother
Aim: a broodmother (moderately wounded, confused)
You feel a strong surge of power!
The fireball explodes!
The fireball engulfs the broodmother!!
The broodmother is heavily wounded.
You hear a chilling moan.
Your battlesphere fires!
The barrage of energy hits the culicivora!
The culicivora is moderately wounded.
The culicivora is engulfed in noxious fumes.
The culicivora appears confused.
The broodmother bites something!
Sif Muna accepts your kill.
You feel a bit more experienced.
The culicivora is engulfed in noxious fumes.
The culicivora appears confused.
You climb upwards.
Your summoned ally is left behind.
Your battlesphere wavers and loses cohesion.
There is a stone staircase leading down here.
You start resting.
HP restored.
You start resting.
Magic restored.
You climb downwards.
The broodmother summons spiders!
The broodmother bites you!
A spider bursts forth from the wound!
There is a stone staircase leading up here.
You block the redback's attack.
The jumping spider pounces on you but does no damage.
You block the jumping spider's attack. The broodmother bites you!
You climb upwards.
The redback disappears in a puff of smoke! x2
The jumping spider disappears in a puff of smoke!
The redback disappears in a puff of smoke!
There is a stone staircase leading down here.
Casting: Fireball (dangerous; 3% risk of failure)
Confirm with . or Enter, or press ? or * to list all spells.
Aiming: Fireball (dangerous; 3% risk of failure)
Press: ? - help, Shift-Dir - straight line
Okay, then.
Unknown command.
Casting: Fireball (dangerous; 3% risk of failure)
Confirm with . or Enter, or press ? or * to list all spells.
Aiming: Mephitic Cloud (safe; 1% risk of failure)
Press: ? - help, Shift-Dir - straight line, f - broodmother
Aim: a broodmother (lightly wounded, chance to affect: 43%)
You feel a strong surge of power!
The ball explodes into a vile cloud!
The stinking cloud engulfs the broodmother but does no damage.
The broodmother is lightly wounded.
The stinking cloud engulfs you but does no damage.
The broodmother is engulfed in noxious fumes.
The broodmother bites you.
Casting: Mephitic Cloud (safe; 1% risk of failure)
Confirm with . or Enter, or press ? or * to list all spells.
Aiming: Fireball (dangerous; 3% risk of failure)
Press: ? - help, Shift-Dir - straight line, p - broodmother You feel a strong surge of power!
The fireball explodes!
The fireball engulfs the broodmother!!
The broodmother is moderately wounded.
The broodmother is engulfed in noxious fumes.
The broodmother appears confused.
Casting: Fireball (dangerous; 3% risk of failure)
Confirm with . or Enter, or press ? or * to list all spells.
Aiming: Fireball (dangerous; 3% risk of failure)
Press: ? - help, Shift-Dir - straight line, f - broodmother
Aim: a broodmother (noxious fumes, moderately wounded, confused)
Okay, then.
Unknown command.
Casting: Fireball (dangerous; 3% risk of failure)
Confirm with . or Enter, or press ? or * to list all spells.
Okay, then.
Unknown command.
Adjust (i)tems, (s)pells, or (a)bilities?
Adjust which spell? g - Hailstorm Adjust to which letter? h - Hailstorm
Casting: Fireball (dangerous; 3% risk of failure)
Confirm with . or Enter, or press ? or * to list all spells.
Casting: Hailstorm (safe; 1% risk of failure)
Press: ? - help, Dir - look around, f - activate You feel a strong surge of power!
A cannonade of hail descends around you!
The hail pelts the broodmother!!
The broodmother is heavily wounded.
The broodmother is engulfed in noxious fumes.
Casting: Hailstorm (safe; 1% risk of failure)
Confirm with . or Enter, or press ? or * to list all spells.
Aiming: Fireball (dangerous; 3% risk of failure)
Press: ? - help, Shift-Dir - straight line You feel a strong surge of power!
The fireball explodes!
The fireball engulfs the broodmother!!!
The broodmother is almost dead.
The broodmother is engulfed in noxious fumes.
The broodmother appears confused.
You block the broodmother's attack.
The broodmother is engulfed in noxious fumes.
The broodmother appears confused.
Casting: Fireball (dangerous; 3% risk of failure)
Confirm with . or Enter, or press ? or * to list all spells.
Casting: Hailstorm (safe; 1% risk of failure)
Press: ? - help, Dir - look around, f - activate You feel a strong surge of power!
A cannonade of hail descends around you!
The hail pelts the broodmother!!
You kill the broodmother!
Sif Muna accepts your kill.
You start resting.
HP restored.
You start resting.
Magic restored.
You climb downwards.
There is a stone staircase leading up here.
A pharaoh ant comes into view.
Casting: Hailstorm (safe; 1% risk of failure)
Confirm with . or Enter, or press ? or * to list all spells.
You feel a strong surge of power!
You conjure a globe of magical energy.
Casting: Iskenderun's Battlesphere (dangerous; 2% risk of failure)
Confirm with . or Enter, or press ? or * to list all spells.
Aiming: Magic Dart (safe; 1% risk of failure)
Press: ? - help, Shift-Dir - straight line, f - pharaoh ant
Aim: a pharaoh ant (100% to hit)
You feel a strong surge of power!
The magic dart hits the pharaoh ant but does no damage.
Your battlesphere fires!
The barrage of energy hits the pharaoh ant!
The pharaoh ant is moderately damaged.
Casting: Magic Dart (safe; 1% risk of failure)
Confirm with . or Enter, or press ? or * to list all spells.
Aiming: Magic Dart (safe; 1% risk of failure)
Press: ? - help, Shift-Dir - straight line, f/p - pharaoh ant
Aim: a pharaoh ant (moderately damaged, ally target, 100% to hit)
You feel a strong surge of power!
The magic dart hits the pharaoh ant but does no damage.
The pharaoh ant is moderately damaged.
Your battlesphere fires!
The barrage of energy hits the pharaoh ant.
The pharaoh ant is heavily damaged.
Casting: Magic Dart (safe; 1% risk of failure)
Confirm with . or Enter, or press ? or * to list all spells.
Aiming: Magic Dart (safe; 1% risk of failure)
Press: ? - help, Shift-Dir - straight line, f/p - pharaoh ant
Aim: a pharaoh ant (moderately damaged, ally target, 100% to hit)
You feel a strong surge of power!
The magic dart hits the pharaoh ant!
The pharaoh ant is heavily damaged.
Your battlesphere fires!
The barrage of energy hits the pharaoh ant!!
You destroy the pharaoh ant!
Sif Muna accepts your kill.
A redback comes into view.
Casting: Magic Dart (safe; 1% risk of failure)
Confirm with . or Enter, or press ? or * to list all spells.
Aiming: Magic Dart (safe; 1% risk of failure)
Press: ? - help, Shift-Dir - straight line, f - redback
Aim: a redback (100% to hit)
You feel a strong surge of power!
The magic dart hits the redback.
The redback is lightly wounded.
Your battlesphere fires!
The barrage of energy hits the redback!
The redback is severely wounded.
Casting: Magic Dart (safe; 1% risk of failure)
Confirm with . or Enter, or press ? or * to list all spells.
Aiming: Magic Dart (safe; 1% risk of failure)
Press: ? - help, Shift-Dir - straight line, f/p - redback
Aim: a redback (severely wounded, ally target, 100% to hit)
You feel a strong surge of power!
The magic dart hits the redback.
The redback is severely wounded.
Your battlesphere fires!
The barrage of energy hits the redback!!
You kill the redback!
Sif Muna accepts your kill.
A culicivora comes into view.
A radroach comes into view.
Casting: Magic Dart (safe; 1% risk of failure)
Confirm with . or Enter, or press ? or * to list all spells.
You can't see any susceptible monsters within range! (Use Z to cast anyway.)
Casting: Magic Dart (safe; 1% risk of failure)
Confirm with . or Enter, or press ? or * to list all spells.
Aiming: Magic Dart (safe; 1% risk of failure)
Press: ? - help, Shift-Dir - straight line, f - radroach
Aim: a radroach (100% to hit)
You feel a strong surge of power!
The magic dart hits the radroach but does no damage.
Your battlesphere fires!
The barrage of energy hits the radroach.
The radroach is lightly wounded.
A meliai comes into view.
It is wielding a +3 hand axe of flaming.
The meliai moves out of view.
Casting: Magic Dart (safe; 1% risk of failure)
Confirm with . or Enter, or press ? or * to list all spells.
Casting: Hailstorm (safe; 1% risk of failure)
Press: ? - help, Dir - look around, f - activate You feel a strong surge of power!
A cannonade of hail descends around you!
The hail pelts the radroach!!
The radroach is heavily wounded.
Your battlesphere fires!
The barrage of energy hits the radroach!!
The radroach is severely wounded.
A meliai comes into view. It is wielding a +0 war axe.
Mara, Lord of Illusions comes into view.
He is wielding a +2 demon blade of venom.
A meliai comes into view. It is wielding a +2 vampiric hand axe.
The meliai mumbles some strange prayers to its god against you.
Something smites you!
The culicivora bites your battlesphere!!
Mara gestures at you.
There is a horrible, sudden wrenching feeling in your soul!
The meliai invokes the aid of its god against you.
Something smites you!
There is a stone staircase leading up here.
Casting: Hailstorm (safe; 1% risk of failure)
Confirm with . or Enter, or press ? or * to list all spells.
Aiming: Fireball (dangerous; 3% risk of failure)
Press: ? - help, Shift-Dir - straight line You feel a strong surge of power!
The fireball explodes!
The fireball engulfs the meliai!!
You kill the meliai!
Sif Muna accepts your kill.
The fireball engulfs the meliai!!
You kill the meliai!
Sif Muna accepts your kill.
The fireball engulfs the meliai!!
The meliai is severely wounded.
The fireball engulfs the culicivora!!
The culicivora is severely wounded.
You hear an angry buzzing noise.
The culicivora bites your battlesphere!
Your battlesphere is destroyed!
Casting: Fireball (dangerous; 3% risk of failure)
Confirm with . or Enter, or press ? or * to list all spells.
Casting: Hailstorm (safe; 1% risk of failure)
Press: ? - help, Dir - look around, f - activate
Okay, then.
Unknown command.
Casting: Hailstorm (safe; 1% risk of failure)
Confirm with . or Enter, or press ? or * to list all spells.
Casting: Hailstorm (safe; 1% risk of failure)
Press: ? - help, Dir - look around, f - activate You feel a strong surge of power!
A cannonade of hail descends around you!
The hail misses the meliai.
A meliai comes into view. It is wielding a +0 war axe.
The culicivora bites you!
A meliai comes into view. It is wielding a +1 heavy hand axe.
You block the culicivora's attack. The meliai hits you with a +0 war axe.
The meliai barely misses you. The culicivora bites you.
The meliai hits you with a +0 war axe! You block the meliai's attack.
You climb upwards.
There is a stone staircase leading down here.
The culicivora completely misses you. The meliai hits you with a +0 war axe.
You block the meliai's attack.
Casting: Hailstorm (safe; 1% risk of failure)
Confirm with . or Enter, or press ? or * to list all spells.
Aiming: Fireball (dangerous; 3% risk of failure)
Press: ? - help, Shift-Dir - straight line
Okay, then.
Unknown command.
Casting: Fireball (dangerous; 3% risk of failure)
Confirm with . or Enter, or press ? or * to list all spells.
Aiming: Mephitic Cloud (safe; 1% risk of failure)
Press: ? - help, Shift-Dir - straight line, f - meliai
Aim: a meliai, wielding a +0 war axe and wearing a +0 robe (heavily wounded, chance to affect: 67%)
You feel a strong surge of power!
The ball explodes into a vile cloud!
The stinking cloud engulfs the meliai but does no damage.
The meliai is heavily wounded.
The stinking cloud engulfs you but does no damage.
The stinking cloud engulfs the culicivora but does no damage.
The culicivora is severely wounded.
The meliai is engulfed in noxious fumes.
The meliai closely misses you. You block the meliai's attack.
The culicivora is engulfed in noxious fumes.
The culicivora appears confused.
The culicivora misses you.
The meliai is engulfed in noxious fumes.
The meliai appears confused.
The culicivora is engulfed in noxious fumes.
You hear the crackle of electricity.
d - a +2 dagger of electrocution (weapon)
The meliai is engulfed in noxious fumes.
The meliai hits you with a +0 war axe. The meliai closely misses you.
You barely miss the culicivora.
The culicivora is severely wounded.
The culicivora is engulfed in noxious fumes.
The meliai is engulfed in noxious fumes.
The meliai appears confused.
The culicivora is engulfed in noxious fumes.
The culicivora appears confused.
Your +2 dagger of electrocution stops crackling.
You feel clever.
Your hands tingle!
a - the +7 trident of the Twisting Saviour (weapon)
{speed, rElec rF+ Int+3} The culicivora misses you.
Unknown command.
Casting: Mephitic Cloud (safe; 1% risk of failure)
Confirm with . or Enter, or press ? or * to list all spells.
Aiming: Fireball (dangerous; 2% risk of failure)
Press: ? - help, Shift-Dir - straight line, f/p - meliai
Aim: a meliai, wielding a +0 war axe and wearing a +0 robe (heavily wounded, confused)
You feel a surge of power!
The fireball explodes!
The fireball engulfs the meliai!!
You kill the meliai!
Sif Muna accepts your kill.
You hear a splash. x3
The culicivora closely misses you.
Casting: Fireball (dangerous; 2% risk of failure)
Confirm with . or Enter, or press ? or * to list all spells.
Aiming: Fireball (dangerous; 2% risk of failure)
Press: ? - help, Shift-Dir - straight line, f - culicivora
Aim: a culicivora (severely wounded, confused)
You feel a surge of power!
The fireball explodes!
The fireball engulfs the culicivora!
You kill the culicivora!
Sif Muna accepts your kill.
There is a stone staircase leading down here.
You start resting.
Magic restored.
You start resting.
HP restored.
There is a stone staircase leading down here.
b - a staff of conjuration (weapon)
You climb downwards.
Level annotation: Mara The wolf spider's many legs skitter.
The orb spider's many legs skitter faintly.
You feel you are being watched by something.
You feel your power leaking away.
A redback comes into view.
Found a chain mail, 6 stones and a sling.
There is a stone staircase leading up here.
You feel you are being watched by something.
You feel your power leaking away.
You climb upwards.
There is a stone staircase leading down here.
You start resting.
Magic restored.
You are caught in the web!
There is a web here.
You struggle to detach yourself from the web.
You disentangle yourself.
There is a stone staircase leading down here.
You climb downwards.
Level annotation: Mara The hog squeals angrily.
The jumping spider's many legs skitter faintly.
The wolf spider's many legs skitter.
The spark wasp buzzes angrily.
You hear an angry squeal.
The hog squeals angrily.
The jumping spider leaps!
A redback comes into view.
A pharaoh ant comes into view.
The hog squeals angrily.
You hear a faint skittering sound.
There is a stone staircase leading up here.
Search for what [? for help]? relec Unknown command.
Press: ? - help, v - describe, . - travel
Here: Kirke The floor.
Press: ? - help, v - describe, . - travel
Here: Aizul (wandering, hasn't noticed you)
The floor.
Press: ? - help, . - travel You can't see that place. [the floor.] Unknown command.
You feel clever.
Your hands tingle!
a - the +7 trident of the Twisting Saviour (weapon)
{speed, rElec rF+ Int+3} A redback comes into view.
A tarantella comes into view.
A hog comes into view.
Casting: Fireball (dangerous; 2% risk of failure)
Confirm with . or Enter, or press ? or * to list all spells.
Aiming: Fireball (dangerous; 2% risk of failure)
Press: ? - help, Shift-Dir - straight line You feel a surge of power!
The fireball explodes!
The fireball engulfs the meliai!
The meliai is moderately wounded.
The fireball engulfs the spark wasp!!
The spark wasp is moderately wounded.
Aizul shouts!
The hog squeals angrily.
The pharaoh ant gives a chilling moan.
You hear a skittering sound.
You hear a faint skittering sound. x2
You hear a chilling moan.
A redback comes into view.
Aizul coils herself and waves her upper body at you.
The bolt of poison hits you but does no damage.
You resist. The meliai hits you with a +0 war axe! The meliai stings you.
You block the meliai's attack. x2; The hog bites you.
Aizul hits you! The meliai closely misses you.
The meliai stings you but does no damage.
You climb upwards.
There is a stone staircase leading down here.
As you read the scroll of teleportation, it crumbles to dust.
You feel strangely unstable. You block the hog's attack. Aizul hits you.
You block the meliai's attack. The meliai stings you. The hog misses you.
Aizul hits you. The meliai misses you. The meliai stings you.
The meliai completely misses you. The meliai closely misses you. x2
You block the meliai's attack. Aizul casts a spell at you.
The bolt of poison hits you but does no damage.
You resist. The meliai completely misses you. x2
The hog attacks as you move away! You block the hog's attack.
The hog completely misses you. The meliai completely misses you.
The meliai misses you.
Your surroundings suddenly seem different.
Splash!
You fall into the shallow water.
Moving in this stuff is going to be slow.
You start resting.
Aizul is nearby!
You start resting.
Aizul is nearby!
Casting: Fireball (dangerous; 2% risk of failure)
Confirm with . or Enter, or press ? or * to list all spells.
Aiming: Magic Dart (safe; 1% risk of failure)
Press: ? - help, Shift-Dir - straight line, f - Aizul
Aim: Aizul (wandering, hasn't noticed you, 100% to hit)
Okay, then.
Unknown command.
Press: ? - help, v - describe, . - travel
Here: Aizul (wandering, hasn't noticed you)
The floor.
Unknown command.
Casting: Magic Dart (safe; 1% risk of failure)
Confirm with . or Enter, or press ? or * to list all spells.
Okay, then.
Unknown command.
Throw: 26 darts (poison)
Press: ? - help, Q - select action, (/) - cycle Shift-Dir - straight line, f - Aizul
Aim: Aizul (wandering, hasn't noticed you, 36% to hit)
You throw a poisoned dart. The poisoned dart hits Aizul.
Aizul shouts!
Unknown command.
Casting: Magic Dart (safe; 1% risk of failure)
Confirm with . or Enter, or press ? or * to list all spells.
Aiming: Fireball (dangerous; 2% risk of failure)
Press: ? - help, Shift-Dir - straight line, f/p - Aizul
Aim: Aizul You feel a surge of power!
The fireball explodes!
The fireball engulfs Aizul!!!
Aizul is moderately wounded.
Aizul casts a spell at you.
The bolt of poison hits you but does no damage.
You resist.
Casting: Fireball (dangerous; 2% risk of failure)
Confirm with . or Enter, or press ? or * to list all spells.
Aiming: Fireball (dangerous; 2% risk of failure)
Press: ? - help, Shift-Dir - straight line, f/p - Aizul
Aim: Aizul (steam, moderately wounded)
You feel a surge of power!
The fireball explodes!
The fireball engulfs Aizul!!
Aizul is heavily wounded.
You hear an angry buzzing noise.
Aizul is engulfed in a cloud of scalding steam.
Casting: Fireball (dangerous; 2% risk of failure)
Confirm with . or Enter, or press ? or * to list all spells.
Aiming: Fireball (dangerous; 2% risk of failure)
Press: ? - help, Shift-Dir - straight line, f/p - Aizul
Aim: Aizul (steam, heavily wounded)
You feel a surge of power!
The fireball explodes!
The fireball engulfs Aizul!!!
Aizul is severely wounded.
Unknown command.
Casting: Fireball (dangerous; 2% risk of failure)
Confirm with . or Enter, or press ? or * to list all spells.
Aiming: Fireball (dangerous; 2% risk of failure)
Press: ? - help, Shift-Dir - straight line, p - Aizul You feel a surge of power!
The fireball explodes!
The fireball engulfs Aizul!!
Aizul is almost dead.
Aizul hits you!
Casting: Fireball (dangerous; 2% risk of failure)
Confirm with . or Enter, or press ? or * to list all spells.
Aiming: Fireball (dangerous; 2% risk of failure)
Press: ? - help, Shift-Dir - straight line You feel a surge of power!
The fireball explodes!
The fireball engulfs Aizul!!
You kill Aizul!
Sif Muna accepts your kill.
Unknown command.
Casting: Fireball (dangerous; 2% risk of failure)
Confirm with . or Enter, or press ? or * to list all spells.
Aiming: Fireball (dangerous; 2% risk of failure)
Press: ? - help, Shift-Dir - straight line, f - meliai
Aim: a meliai, wielding a +0 war axe and wearing a +0 robe (heavily wounded, wandering, hasn't noticed you)
You feel a surge of power!
The fireball explodes!
The fireball engulfs the meliai!!
You kill the meliai!
Sif Muna accepts your kill.
You start resting.
A hog is nearby!
Casting: Fireball (dangerous; 2% risk of failure)
Confirm with . or Enter, or press ? or * to list all spells.
You feel a surge of power!
You conjure a globe of magical energy.
The hog squeals angrily.
Casting: Iskenderun's Battlesphere (mildly dangerous; 1% risk of failure)
Confirm with . or Enter, or press ? or * to list all spells.
Aiming: Magic Dart (safe; 1% risk of failure)
Press: ? - help, Shift-Dir - straight line, f - hog
Aim: a hog (100% to hit)
You feel a surge of power!
The magic dart hits the hog.
The hog is moderately wounded.
Your battlesphere fires!
The barrage of energy hits the hog!
The hog is severely wounded.
Casting: Magic Dart (safe; 1% risk of failure)
Confirm with . or Enter, or press ? or * to list all spells.
Aiming: Magic Dart (safe; 1% risk of failure)
Press: ? - help, Shift-Dir - straight line, f/p - hog
Aim: a hog (severely wounded, ally target, 100% to hit)
You feel a surge of power!
The magic dart hits the hog but does no damage.
The hog is severely wounded.
Your battlesphere fires!
The barrage of energy hits the hog!!
You kill the hog!
Sif Muna accepts your kill.
g - 26 poisoned darts (gained 1)
You swap places.
There is a stone staircase leading down here.
You start resting.
Your battlesphere wavers and loses cohesion.
You start resting.
HP restored.
You start resting.
Magic restored.
You climb downwards.
Level annotation: Kirke, Mara
There is a stone staircase leading up here.
The meliai buzzes angrily.
The radroach completely misses you. You block the radroach's attack.
You climb upwards.
There is a stone staircase leading down here.
Casting: Magic Dart (safe; 1% risk of failure)
Confirm with . or Enter, or press ? or * to list all spells.
Aiming: Fireball (dangerous; 2% risk of failure)
Press: ? - help, Shift-Dir - straight line You feel a surge of power!
The fireball explodes!
The fireball engulfs the radroach!
The radroach is lightly wounded.
You block the radroach's attack.
The radroach claws you but does no damage.
Casting: Fireball (dangerous; 2% risk of failure)
Confirm with . or Enter, or press ? or * to list all spells.
Aiming: Fireball (dangerous; 2% risk of failure)
Press: ? - help, Shift-Dir - straight line You feel a surge of power!
The fireball explodes!
The fireball engulfs the radroach!!
The radroach is moderately wounded.
The radroach erupts in a fountain of uncontrolled magic!
You are blasted with magical radiation!!!
You are very lightly contaminated with residual magic.
Casting: Fireball (dangerous; 2% risk of failure)
Confirm with . or Enter, or press ? or * to list all spells.
Aiming: Fireball (dangerous; 2% risk of failure)
Press: ? - help, Shift-Dir - straight line You feel a surge of power!
The fireball explodes!
The fireball engulfs the radroach!!
The radroach is severely wounded.
The radroach erupts in a fountain of uncontrolled magic!
You are blasted with magical radiation!!!
* * * LOW HITPOINT WARNING * * *
You are lightly contaminated with residual magic.
Aiming: Paralyse
Press: ? - help, Shift-Dir - straight line, f - radroach
Aim: a radroach (severely wounded, chance to affect: 29%)
Okay, then.
Unknown command.
Unknown command.
As you read the scroll of fear, it crumbles to dust.
You assume a fearsome visage.
The radroach resists with some effort.
The radroach erupts in a fountain of uncontrolled magic!
You are blasted with magical radiation!!
You die...

Skill      XL: |  1  2  3  4  5  6  7  8  9 10 11 12 13 14 15 16 |
---------------+-------------------------------------------------+-----
Transmutations | 1 |  1.0
Spellcasting   | 3 4 5 7 12 13 | 13.0
Fighting       | 1 2 3 5 6 7 9 10 | 10.0
Stealth        | 2 3 4 5 |  5.0
Poison Magic   | 3 |  3.0
Air Magic      | 1 2 3 |  3.0
Conjurations   | 1 2 4 5 6 8 9 10 | 10.0
Evocations     | 3 6 |  6.0
Dodging        | 3 5 6 7 8 |  8.0
Invocations    | 2 5 7 8 9 |  9.0
Ice Magic      | 3 5 |  5.0
Staves         | 1 3 |  3.8
Shields        | 4 7 8 |  8.7
Polearms       | 3 5 |  5.8
Armour         | 3 |  3.0
Fire Magic     | 3 6 8 |  8.5

Action                     |  1- 3 |  4- 6 |  7- 9 | 10-12 | 13-15 | 16-18 || total
---------------------------+-------+-------+-------+-------+-------+-------++-------
  Melee: Dagger            |    64 |       |       |     5 |    29 |     2 ||   100
         Unarmed           |     3 |       |       |       |       |       ||     3
         Quarterstaff      |     2 |   218 |    73 |    52 |   459 |       ||   804
         Short sword       |       |       |   244 |   277 |       |       ||   521
         Punch             |       |       |     6 |    14 |       |       ||    20
         Dire flail        |       |       |     4 |     6 |       |       ||    10
         Trident           |       |       |       |   577 |   806 |       ||  1383
         Staff             |       |       |       |       |     8 |     3 ||    11
   Fire: Shortbow          |       |       |   260 |    45 |       |       ||   305
         Arbalest          |       |       |       |    25 |   201 |       ||   226
  Throw: Dart              |       |     2 |     5 |    26 |    36 |     5 ||    74
   Cast: Sting             |    70 |    30 |    51 |    23 |     3 |       ||   177
         Mephitic Cloud    |       |     2 |    16 |   114 |   103 |     3 ||   238
         Hailstorm         |       |       |       |    14 |    90 |    34 ||   138
         Flame Wave        |       |       |       |       |   106 |    29 ||   135
         Fireball          |       |       |       |       |    62 |    24 ||    86
         Stone Arrow       |       |       |       |       |    10 |    18 ||    28
         Magic Dart        |       |       |       |       |       |    61 ||    61
         Iskenderun's Batt |       |       |       |       |       |    15 ||    15
 Invoke: Channel Magic     |       |       |       |     1 |     9 |       ||    10
  Evoke: Wand              |       |     1 |    12 |    10 |    28 |       ||    51
         Condenser vane    |       |       |       |       |     1 |       ||     1
    Use: Scroll            |     1 |     1 |     5 |     9 |    11 |     5 ||    32
   Stab: Sleeping          |     3 |     1 |     7 |     5 |     2 |     1 ||    19
         Confused          |       |     3 |     5 |    79 |    67 |       ||   154
         Distracted        |       |       |     1 |       |     2 |       ||     3
         Paralysed         |       |       |       |       |    42 |       ||    42
 Armour: Robe              |    13 |    26 |    69 |    23 |    13 |    27 ||   171
         Steam dragon scal |       |       |       |    75 |       |       ||    75
         Troll leather arm |       |       |       |    51 |   363 |       ||   414
  Dodge: Dodged            |    59 |   177 |   422 |   559 |  1150 |   104 ||  2471
  Block: Kite shield       |       |       |       |       |   394 |    78 ||   472

Levels and vault maps discovered:
D:1:      elethiomel_arrival_quiet, layout_rooms,
          dreamdust_ecumenical_altar_hidden_monk_grotto
D:2:      layout_loops_cross
D:3:      layout_basic, gammafunk_ghost_nasty_kobolds, kennysheep_flooded_box
D:4:      layout_layer_cave, chequers_ossuary_entry_cave
D:5:      kennysheep_six_static_rooms, layout_rooms,
          mainiacjoe_overflow_small_starburst, uniq_edmund
D:6:      layout_gridville, nicolae_overflow_crystal_walls,
          gammafunk_temple_overflow_elements, gup_sewer_entry_bowl, kb_rosetta
D:7:      layout_rooms, mainiacjoe_overflow_cross_hatched, temple_doors_e,
          enter_bailey_2, lemuel_flamethrower_2
D:8:      layout_cave_pods, minmay_misc_feat_four_crosses, hangedman_misty_isle
D:9:      layout_basic
D:10:     layout_roguey, mainiacjoe_overflow_chevrons,
          mainiacjoe_overflow_six_doors_small, mainiacjoe_overflow_alcove_2,
          mainiacjoe_overflow_swirl
D:11:     nicolae_hitomezashi [nicolae_hito_row, nicolae_hito_row,
          nicolae_hito_row, nicolae_hito_row, nicolae_hito_row,
          nicolae_hito_row, nicolae_hito_row, nicolae_hito_row,
          nicolae_hito_row, nicolae_hito_row, nicolae_hito_row,
          nicolae_hito_row, nicolae_hito_row, nicolae_hito_row,
          nicolae_hito_row, nicolae_hito_row, nicolae_hito_row,
          nicolae_hito_row], layout_grid_maze, dpeg_lair_monsters,
          minmay_shop_grid_forest
D:12:     layout_big_octagon, nicolae_shop_vocational
D:13:     layout_cave_pools, uniq_frances, uniq_snorg
D:14:     layout_cave_pods, erik_vaults_2, gauntlet_entry_generic,
          elyvilon_altar_1, dk_noncrumbling_3
D:15:     hangedman_depths_entry_try_elsewhere_first, layout_cave_pods,
          enter_trove_2, portal_ice_cave_entry_ice_statue_two,
          kennysheep_doodads
Temple:   minmay_temple_forest_path
Lair:1:   layout_gridlike, lemuel_fruit_tree, serial_bayou_shore_b
Lair:2:   layout_chaotic_city, minmay_shoals_entry_hut, uniq_amaemon
Lair:3:   layout_chaotic_city, spider_nest_entry_a, uniq_josephine
Lair:4:   layout_misc_corridors, slime_entry_1, grunt_megastairs_4,
          serial_bayou_shore_b, uniq_urug
Lair:5:   minmay_lair_end_frog_pond, layout_long_grid, grunt_megastairs_5
Spider:1: layout_spider_delve, nicolae_spider_solar_radiation, uniq_azrael
Spider:2: layout_spider_delve, nicolae_spider_checkerboard
Spider:3: layout_spider_delve, gammafunk_ghost_necromancy, uniq_aizul,
          uniq_kirke, uniq_mara
Orc:1:    layout_caves, serial_shops, nicolae_shop_hallway_plus, elf_legates,
          uniq_erica
Orc:2:    st_orc_town, layout_diamond_mine, basic_altar

Notes
Turn   | Place    | Note
-------+----------+-------------------------------------------
     0 | D:1      | scionoferis the Mummy Venom Mage began the quest for the
                  | Orb.
     0 | D:1      | Reached XP level 1. HP: 13/13 MP: 4/4
   126 | D:1      | Reached skill level 1 in Transmutations
   235 | D:1      | Reached XP level 2. HP: 20/20 MP: 1/5
   505 | D:1      | Reached skill level 3 in Spellcasting
   807 | D:1      | Found a faded altar of an unknown god.
   929 | D:2      | Reached skill level 1 in Fighting
   929 | D:2      | Reached skill level 2 in Stealth
   929 | D:2      | Gained mutation: You are in touch with the powers of death.
                  | [Mummy growth]
   929 | D:2      | Reached XP level 3. HP: 25/26 MP: 2/7
   979 | D:2      | Learned a level 3 spell: Mephitic Cloud
  1044 | D:2      | Identified the ring of Ogyats {rPois rN+ EV+5}
  1326 | D:2      | Reached skill level 3 in Poison Magic
  1989 | D:3      | Reached XP level 4. HP: 32/32 MP: 6/9
  2041 | D:3      | Found a runed translucent gate.
  2043 | D:3      | Found a runed translucent gate.
  2044 | D:3      | Found a runed translucent gate.
  2046 | D:3      | Noticed BigDaddyOpFi's ghost (weakling AtFi)
  2046 | D:3      | Noticed a kobold brigand
  2385 | D:3      | Reached skill level 1 in Air Magic
  2447 | D:3      | Reached skill level 1 in Conjurations
  2447 | D:3      | Reached XP level 5. HP: 36/38 MP: 7/10
  2707 | D:4      | Reached skill level 2 in Fighting
  2760 | D:4      | Noticed an ogre
  2770 | D:4      | Killed an ogre
  2771 | D:4      | Reached skill level 4 in Spellcasting
  2771 | D:4      | Reached XP level 6. HP: 44/45 MP: 8/12
  2830 | D:4      | Reached skill level 3 in Stealth
  2830 | D:4      | Reached skill level 2 in Air Magic
  2856 | D:4      | Reached skill level 2 in Conjurations
  2913 | D:4      | Found a sand-covered staircase.
  2964 | Ossuary  | Entered an ossuary
  3660 | Ossuary  | Reached XP level 7. HP: 31/51 MP: 14/14
  4006 | Ossuary  | Noticed Menkaure
  4015 | Ossuary  | Killed Menkaure
  4016 | Ossuary  | Reached skill level 3 in Fighting
  4016 | Ossuary  | Reached skill level 5 in Spellcasting
  5378 | D:5      | Entered Level 5 of the Dungeon
  5566 | D:5      | Reached skill level 4 in Stealth
  5566 | D:5      | Reached skill level 3 in Air Magic
  5566 | D:5      | Reached XP level 8. HP: 43/60 MP: 14/16
  5585 | D:5      | Reached skill level 3 in Conjurations
  5676 | D:5      | Reached skill level 4 in Fighting
  5729 | D:5      | Noticed Edmund
  5756 | D:5      | Killed Edmund
  5757 | D:5      | Reached skill level 6 in Spellcasting
  5868 | D:5      | Found a burning altar of Makhleb.
  6273 | D:6      | Found a glowing drain.
  6287 | Sewer    | Entered a sewer
  6603 | Sewer    | Reached skill level 5 in Fighting
  6603 | Sewer    | Reached skill level 5 in Stealth
  6603 | Sewer    | Reached skill level 7 in Spellcasting
  6611 | Sewer    | Reached skill level 4 in Conjurations
  7006 | D:6      | Found a broken altar of Ashenzari.
  7006 | D:6      | Found a hazy altar of Hepliaklqana.
  7058 | D:6      | Reached XP level 9. HP: 39/68 MP: 16/20
  7189 | D:6      | Noticed a boulder beetle
  7208 | D:6      | Noticed a cyclops
  7246 | D:6      | Killed a cyclops
  7247 | D:6      | Reached skill level 8 in Spellcasting
  7838 | D:6      | Reached skill level 5 in Conjurations
  7907 | D:7      | Found a flagged portal.
  7923 | Bailey   | Entered a bailey
  7979 | Bailey   | Noticed an orc warlord
  8153 | Bailey   | Noticed an orc knight
  8205 | Bailey   | Killed an orc knight
  8206 | Bailey   | Reached skill level 9 in Spellcasting
  8249 | Bailey   | Found a runed translucent gate.
  8249 | Bailey   | Found a runed translucent gate.
  8249 | Bailey   | Found a runed translucent gate.
  8327 | Bailey   | Reached skill level 10 in Spellcasting
  8781 | Bailey   | Killed an orc warlord
  8782 | Bailey   | Reached skill level 12 in Spellcasting
  8782 | Bailey   | Reached XP level 10. HP: 74/74 MP: 20/26
  9874 | D:7      | Found a staircase to the Ecumenical Temple.
  9884 | Temple   | Entered the Ecumenical Temple
 10203 | Temple   | Became a worshipper of Sif Muna the Loreminder
 10740 | D:3      | Killed BigDaddyOpFi's ghost
 10741 | D:3      | Reached skill level 13 in Spellcasting
 10746 | D:3      | Paralysed by you for 5 turns
 11145 | D:8      | Reached * piety under Sif Muna
 11146 | D:8      | Reached skill level 1 in Evocations
 11372 | D:8      | Reached skill level 2 in Dodging
 11372 | D:8      | Reached skill level 1 in Invocations
 11484 | D:8      | Identified a scroll of acquirement
 11503 | D:8      | Noticed a two-headed ogre
 11537 | D:8      | Killed a two-headed ogre
 11538 | D:8      | Reached skill level 2 in Evocations
 11620 | D:8      | Reached skill level 2 in Invocations
 11781 | D:7      | Reached skill level 3 in Evocations
 11905 | D:8      | Noticed a two-headed ogre
 11963 | D:8      | Killed a two-headed ogre
 11964 | D:8      | Reached skill level 6 in Fighting
 11964 | D:8      | Reached skill level 3 in Dodging
 11973 | D:8      | Reached XP level 11. HP: 81/81 MP: 28/28
 12160 | D:8      | Identified the +7 trident of Crystal {protect, rCorr}
 12190 | D:8      | Identified the +7 trident of the Twisting Saviour {speed,
                  | rElec rF+ Int+3}
 12472 | D:8      | Reached skill level 4 in Evocations
 12863 | D:9      | Reached skill level 3 in Invocations
 13138 | D:9      | Reached ** piety under Sif Muna
 13774 | D:6      | Killed a boulder beetle
 13967 | D:10     | Entered Level 10 of the Dungeon
 14061 | D:10     | Found a snail-covered altar of Cheibriados.
 14284 | D:10     | Found an opulent altar of Gozag.
 14508 | D:10     | Found a shadowy altar of Dithmenos.
 14599 | D:10     | Found an ancient bone altar of Kikubaaqudgha.
 14613 | D:10     | Found an ornate altar of the Wu Jian Council.
 14741 | D:10     | Reached skill level 5 in Evocations
 14802 | D:10     | Reached *** piety under Sif Muna
 14803 | D:10     | Reached skill level 4 in Dodging
 15133 | D:11     | Reached skill level 4 in Invocations
 15164 | D:11     | Reached skill level 7 in Fighting
 15405 | D:11     | Reached skill level 6 in Evocations
 15450 | D:11     | Found Sisyfat's Weapon Boutique.
 15454 | D:11     | Found Isutawn's Distillery.
 15454 | D:11     | Found Reubots's Antique Weapon Boutique.
 15461 | D:11     | Found Gaoqaips's Jewellery Boutique.
 15633 | D:11     | Found a staircase to the Lair.
 15634 | D:11     | Noticed a death yak
 15634 | D:11     | Noticed a death yak
 15694 | D:11     | Noticed a death yak
 15736 | D:11     | Killed a death yak
 15737 | D:11     | Reached skill level 5 in Invocations
 15742 | D:11     | Killed a death yak
 15743 | D:11     | Reached skill level 5 in Dodging
 15764 | D:11     | Killed a death yak
 15765 | D:11     | Reached XP level 12. HP: 60/92 MP: 22/29
 15949 | D:11     | Reached skill level 8 in Fighting
 15990 | D:11     | Noticed a tengu warrior
 16003 | D:11     | Killed a tengu warrior
 16199 | D:11     | Found a staircase to the Orcish Mines.
 16526 | D:11     | Bought a faintly glowing quarterstaff for 189 gold pieces
 16526 | D:11     | Identified the +4 quarterstaff of Inconvenience {heavy,
                  | rC++ Int-2 Dex+3} (You bought it in a shop on level 11 of
                  | the Dungeon)
 16526 | D:11     | Bought a smoking shortbow for 168 gold pieces
 16526 | D:11     | Identified the +7 shortbow "Vadotec" {heavy, Fragile rF+++
                  | Will+ Str+3} (You bought it in a shop on level 11 of the
                  | Dungeon)
 16557 | D:11     | Acquired a +2 hat of willpower
 16712 | D:11     | Bought a ring of see invisible for 180 gold pieces
 16816 | Lair:1   | Entered Level 1 of the Lair of Beasts
 16894 | Lair:1   | Reached **** piety under Sif Muna
 16913 | Lair:1   | Reached skill level 6 in Invocations
 17390 | Lair:1   | Reached skill level 6 in Dodging
 17696 | Lair:2   | Noticed a four-headed hydra
 17707 | Lair:2   | Learned a level 3 spell: Hailstorm
 17860 | Lair:2   | Reached skill level 1 in Ice Magic
 17869 | Lair:2   | Reached skill level 9 in Fighting
 17930 | Lair:2   | Found a staircase to the Shoals.
 18019 | Lair:2   | Killed a four-headed hydra
 18032 | Lair:2   | Noticed a boulder beetle
 18206 | Lair:2   | Reached skill level 2 in Ice Magic
 18209 | Lair:2   | Killed a boulder beetle
 18259 | Lair:2   | Identified the +8 quarterstaff of the Queen {speed, *Rage
                  | rCorr MP+9 Int+2}
 18539 | Lair:2   | Reached skill level 3 in Ice Magic
 18641 | Lair:2   | Noticed Amaemon
 18672 | Lair:2   | Killed Amaemon
 18673 | Lair:2   | Reached skill level 1 in Staves
 18673 | Lair:2   | Reached skill level 6 in Conjurations
 18673 | Lair:2   | Reached skill level 7 in Invocations
 18934 | Lair:3   | Noticed Josephine
 19235 | Lair:3   | Reached ***** piety under Sif Muna
 19236 | Lair:3   | Gained mutation: You are strongly in touch with the powers
                  | of death. [Mummy growth]
 19236 | Lair:3   | Reached XP level 13. HP: 97/101 MP: 22/30
 19316 | Lair:3   | Found a hole to the Spider Nest.
 20216 | Lair:3   | Received a gift from Sif Muna
 20338 | Lair:3   | Killed Josephine
 20415 | Lair:4   | Reached skill level 4 in Ice Magic
 20527 | Lair:4   | Reached skill level 2 in Staves
 20620 | Lair:4   | Noticed Urug
 20620 | Lair:4   | You fall into a shaft and drop 1 floor!
 20620 | Lair:5   | Entered Level 5 of the Lair of Beasts
 20620 | Lair:5   | Found the +3 giant club "Skullcrusher" {speed, Str+7}
 20784 | Lair:4   | Killed Urug
 21119 | Lair:4   | Found a viscous altar of Jiyva.
 21120 | Lair:4   | Found a staircase to the Slime Pits.
 21284 | Lair:4   | Identified the +3 long sword of Valiance {flame, rCorr
                  | Int-2 Dex+2}
 21559 | Lair:4   | Reached skill level 7 in Dodging
 21772 | Lair:4   | Reached skill level 7 in Conjurations
 21873 | Lair:4   | Reached skill level 5 in Ice Magic
 22185 | Lair:5   | Reached skill level 3 in Staves
 22206 | Lair:5   | Reached skill level 10 in Fighting
 22442 | Lair:5   | Received a gift from Sif Muna
 22878 | Lair:5   | Reached skill level 8 in Invocations
 23103 | Lair:5   | Reached skill level 8 in Conjurations
 23340 | Lair:5   | Reached XP level 14. HP: 62/110 MP: 31/31
 23738 | Lair:5   | Identified the +12 triple sword of the Establishment
                  | {freeze, rCorr Int+3 Dex-5}
 23741 | Lair:5   | Identified a +0 kite shield of resistance
 24169 | Orc:1    | Entered Level 1 of the Orcish Mines
 24456 | Orc:2    | Entered Level 2 of the Orcish Mines
 24611 | Orc:2    | Upgraded the game from 0.30-a0-860-g512cf1e979 to
                  | 0.30-a0-862-g1aabd4f9c5
 24787 | Orc:2    | Reached skill level 1 in Shields
 24832 | Orc:2    | Found a staircase to the Elven Halls.
 24841 | Orc:2    | Received a gift from Sif Muna
 24842 | Orc:2    | Got Sif Muna's Spellbook of Lamentation and Traumaturgy
                  | {god gift}
 24896 | Orc:1    | Noticed Erica
 24923 | Orc:2    | Killed Erica
 25071 | Orc:1    | Found Qypog's Distillery.
 25194 | Orc:1    | Noticed an orc warlord
 25194 | Orc:1    | Identified a +1 robe of the Archmagi
 25407 | Orc:2    | Reached skill level 1 in Polearms
 25509 | Orc:2    | Reached skill level 2 in Shields
 25517 | Orc:2    | Reached skill level 1 in Armour
 25630 | Orc:2    | Found Elaahoiq's Assorted Antiques.
 25630 | Orc:2    | Found Jacrof's Weapon Emporium.
 26030 | Orc:2    | Found Hepoax's Weapon Boutique.
 26030 | Orc:2    | Found Xuteet's Jewellery Emporium.
 26145 | Orc:2    | Reached skill level 8 in Dodging
 26208 | Orc:2    | Received a gift from Sif Muna
 26216 | Orc:2    | Reached skill level 3 in Shields
 26401 | Orc:2    | Got Sif Muna's Compilation of Battle Magic and Pyromania
                  | {god gift}
 26407 | Orc:2    | Learned a level 4 spell: Flame Wave
 26452 | Orc:2    | Found a bloodstained altar of Trog.
 26720 | Orc:1    | Reached skill level 2 in Polearms
 26980 | Orc:1    | Killed an orc warlord
 26981 | Orc:1    | Reached skill level 2 in Armour
 26981 | Orc:1    | Reached skill level 1 in Fire Magic
 27435 | Spider:1 | Entered Level 1 of the Spider Nest
 27845 | Spider:1 | Reached skill level 2 in Fire Magic
 28386 | Lair:3   | Reached skill level 4 in Shields
 28466 | Spider:1 | Noticed Azrael
 29300 | D:12     | Reached skill level 3 in Fire Magic
 29543 | D:12     | Reached skill level 3 in Polearms
 29648 | D:12     | Found Ukoafot's Vocational Training.
 29720 | D:13     | Noticed Snorg
 29734 | D:13     | Killed Snorg
 29865 | D:13     | Reached skill level 3 in Armour
 29938 | D:13     | Reached skill level 9 in Invocations
 29969 | D:13     | Reached XP level 15. HP: 108/115 MP: 19/32
 30129 | D:13     | Reached skill level 9 in Conjurations
 30377 | D:12     | Reached skill level 5 in Shields
 30621 | D:13     | Reached skill level 4 in Fire Magic
 30713 | D:12     | Learned a level 5 spell: Fireball
 30798 | D:13     | Noticed Frances
 31087 | D:13     | Killed Frances
 31189 | D:14     | Received a gift from Sif Muna
 31221 | D:14     | Found a gate leading to a gauntlet.
 31238 | Gauntlet | Entered a Gauntlet
 31238 | Gauntlet | Found a transporter.
 31302 | Gauntlet | Found a transporter.
 31302 | Gauntlet | Found a transporter.
 31303 | Gauntlet | Found a transporter.
 31311 | Gauntlet | Found a transporter.
 31314 | Gauntlet | Found a transporter.
 31315 | Gauntlet | Found a transporter.
 31324 | Gauntlet | Found a transporter.
 31327 | Gauntlet | Found a transporter.
 31328 | Gauntlet | Found a transporter.
 31336 | Gauntlet | Found a transporter.
 31339 | Gauntlet | Found a transporter.
 31340 | Gauntlet | Found a transporter.
 31344 | Gauntlet | Found a runed translucent door.
 31346 | Gauntlet | Found a runed translucent door.
 31348 | Gauntlet | Found a transporter.
 31554 | Gauntlet | Identified the +2 scimitar "Sitea" {protect, Will+ Str+2}
 31593 | Gauntlet | Identified the +0 shortbow "Killer Bee's Death" {elec,
                  | +Blink Will+}
 32113 | D:14     | Got Sif Muna's Further Progress in Witchcraft {god gift}
 32363 | D:14     | Reached skill level 4 in Polearms
 32363 | D:14     | Reached skill level 6 in Shields
 32686 | D:14     | Reached skill level 5 in Fire Magic
 32836 | D:14     | Found a gate to the Vaults.
 33138 | D:15     | Entered Level 15 of the Dungeon
 33295 | D:15     | Found a frozen archway.
 33446 | IceCv    | Entered an ice cave
 33492 | IceCv    | HP: 10/115 [white draconian/+2 halberd of freezing (20)]
 33644 | IceCv    | Reached skill level 6 in Fire Magic
 33852 | IceCv    | Reached skill level 7 in Shields
 33854 | IceCv    | Received a gift from Sif Muna
 33858 | IceCv    | Got Sif Muna's Folio of the Calescent Mesa {god gift}
 33877 | IceCv    | Learned a level 3 spell: Stone Arrow
 34088 | IceCv    | Noticed a white draconian knight
 34096 | IceCv    | Killed a white draconian knight
 34164 | IceCv    | Found the +3 Mad Mage's Maulers {Infuse+∞ VampMP -Cast}
 34212 | IceCv    | Identified the ring of Ehisu {Ice rElec rPois Dex+2 Slay+2}
 34214 | IceCv    | Identified the ring "Deaninom" {rN+ Str+3}
 34429 | D:15     | Found a portal to a secret trove of treasure.
 35157 | D:15     | Reached skill level 5 in Polearms
 35222 | D:15     | Found a staircase to the Depths.
 35985 | Lair:3   | Killed Azrael
 36203 | Lair:3   | Reached XP level 16. HP: 121/122 MP: 23/33
 36968 | Lair:3   | Reached skill level 7 in Fire Magic
 37158 | Lair:3   | HP: 2/122 [cloud of steam (13)]
 37563 | Lair:3   | Reached skill level 10 in Conjurations
 37855 | Spider:1 | Reached skill level 8 in Shields
 38445 | Spider:2 | Received a gift from Sif Muna
 38826 | Spider:2 | Learned a level 5 spell: Iskenderun's Battlesphere
 38828 | Spider:2 | Learned a level 1 spell: Magic Dart
 39731 | Spider:3 | Reached skill level 8 in Fire Magic
 40139 | Spider:3 | Noticed Mara
 40444 | Spider:3 | Noticed Aizul
 40444 | Spider:3 | Noticed Kirke
 40471 | Spider:2 | Killed Aizul
 40635 | Spider:2 | Demolished by a radroach

Vanquished Creatures
  Frances (D:13)
  A draconian knight (IceCv)
  2 orc warlords (Bailey Orc:1)
  Aizul (Spider:2)
  A broodmother (Spider:2)
  Azrael (Lair:3)
  A minotaur (Gauntlet)
  5 white draconians (IceCv)
  Snorg (D:13)
  Josephine (Lair:3)
  2 entropy weavers (Lair:3 Spider:1)
  8 vault guards (D:14 D:15)
  5 hydras (Lair:2 Lair:5 D:13 D:12)
  4 radroaches (Lair:3 Spider:1)
  2 two-headed ogres (D:8)
  A death knight (D:14)
  4 centaur warriors (D:13)
  Erica (Orc:2)
  A tengu warrior (D:11)
  5 boulder beetles (D:6 Lair:2 D:14 Spider:2)
  3 death yaks (D:11)
  A two-headed ogre (shapeshifter) (D:15)
  Urug (Lair:4)
  An orc high priest (Orc:1)
  A skyshark (Lair:2)
  2 pharaoh ants (Spider:3)
  A deep elf knight (D:15)
  3 skeletal warriors (D:12)
  Amaemon (Lair:2)
  4 sun moths (Lair:3 Spider:1)
  An orb spider (Spider:3)
  A deep elf archer (Orc:1)
  An orange crystal statue (IceCv)
  3 steelbarb worms (Lair:3 Spider:2)
  3 orc knights (Bailey Orc:1 Orc:2)
  9 ugly things (D:11 D:12 D:14 D:15)
  9 wolf spiders (Lair:3 Spider:1 Lair:4 Spider:2 Spider:3)
  3 deep elf pyromancers (Orc:2 D:13 D:14)
  12 orc sorcerers (Orc:1 Orc:2)
  A moth of wrath (Spider:1)
  5 manticores (D:12 D:14 D:15)
  2 ice statues (D:15)
  8 cyclopes (D:6 D:12 Orc:1 D:13 D:14)
  A salamander (D:15)
  15 elephants (Lair:2 Lair:3 Lair:4)
  A rust devil (Gauntlet)
  2 black mambas (Lair:5 Lair:4)
  An orange demon (Lair:2)
  2 demonic crawlers (Lair:3 Spider:1)
  2 torpor snails (Lair:3 Spider:2)
  18 cane toads (Lair:2 Lair:3 Lair:5 Lair:4)
  4 unseen horrors (D:11 D:12)
  2 efreet (D:13 D:15)
  4 kobold demonologists (D:11)
  8 komodo dragons (Lair:1 Lair:4 Lair:5 D:12)
  5 storm dragon simulacra (IceCv)
  A yaktaur (D:15)
  A rime drake (Lair:4)
  3 freezing wraiths (D:14)
  4 golden dragon simulacra (IceCv)
  4 meliai (Spider:3 Spider:2)
  8 trolls (D:8 D:9 D:10 D:11 Orc:2)
  3 polar bears (Lair:1 Lair:4 Lair:5)
  6 tarantellas (Lair:3 Spider:1 Spider:2 Spider:3)
  3 tyrant leeches (Lair:4 Lair:5)
  A snapping turtle (Lair:2)
  19 blink frogs (Lair:1 Lair:3 Lair:5 Lair:4)
  14 slime creatures (D:11 D:12 D:14 D:15)
  17 jumping spiders (Lair:3 Spider:1 Spider:2 Spider:3)
  4 shadows (D:11 D:12)
  9 wraiths (D:11 Lair:2 Lair:3 D:14)
  11 culicivoras (Lair:3 Spider:1 Spider:2 Spider:3)
  2 fire elementals (Spider:1)
  3 wyverns (D:9 Lair:3 Lair:4)
  A ynoxinul (Gauntlet)
  A basilisk (Lair:5)
  48 yaks (D:8 D:10 D:11 Lair:1 Lair:2)
  32 redbacks (Lair:3 Lair:2 Spider:1 Lair:4 Spider:2)
  A hog (Spider:2)
  2 steam dragons (D:8)
  15 vampire mosquitoes (Lair:5 D:13 D:15)
  Menkaure (Ossuary)
  9 wargs (Orc:2 Orc:1)
  Edmund (D:5)
  3 acid dragons (D:9 D:6 D:13)
  5 hell hounds (Lair:3 Spider:1)
  14 water moccasins (D:7 D:9 Lair:2 Lair:4 Lair:5)
  2 ice beasts (D:7)
  3 sky beasts (D:8)
  21 orc warriors (Bailey D:7 D:9 Orc:1 Orc:2)
  4 black bears (D:5 D:6 D:7)
  3 ice dragon simulacra (IceCv)
  14 ogres (D:4 D:5 D:6 Orc:1 Orc:2)
  4 centaurs (D:6 D:7 D:8 D:10)
  4 wolves (Lair:2)
  2 phantoms (D:4 D:6)
  5 kobold brigands (D:3 D:10 D:12)
  12 bullfrogs (D:6 Sewer Lair:2 Lair:3 Lair:4)
  3 gnoll sergeants (D:8 D:10)
  A scorpion (D:4)
  The ghost of BigDaddyOpFi the Covered, a weakling AtFi (D:3)
  9 lindwurm simulacra (IceCv)
  4 killer bees (D:7)
  3 electric eels (Lair:2 Lair:5)
  7 howler monkeys (D:5 D:6 D:8 D:10 D:14)
  A hound (D:6)
  16 orc priests (D:3 D:4 D:7 D:6 D:9)
  A jelly (D:5)
  2 gnoll boudas (D:7 D:9)
  2 iron imps (Gauntlet)
  36 orc wizards (D:4 D:6 D:8 D:9 Orc:2)
  7 hell rats (Lair:5)
  3 mummies (Ossuary)
  27 gnolls (D:5 Bailey D:7 D:8 D:9)
  16 adders (D:2 D:3 D:4 D:5 Sewer)
  4 river rats (Sewer)
  A white imp (D:6)
  2 ufetubi (D:4 D:5)
  2 worms (D:2 D:6)
  4 dart slugs (D:3 D:4)
  69 orcs (D:3 D:4 D:5 D:6 D:7)
  9 endoplasms (D:1 D:2 D:3 D:4 Sewer)
  6 giant cockroaches (D:1 D:2 D:3 D:6)
  7 gnoll zombies (Ossuary)
  6 goblins (D:3 D:4 Bailey)
  15 hobgoblins (D:1 D:2 D:3 Bailey)
  7 jackals (D:3 D:4)
  25 kobolds (D:1 D:3 D:4 Bailey D:10)
  6 quokkas (D:1 D:2 D:3 D:4 D:6)
  17 ball pythons (D:2 D:3 D:4 Sewer)
  7 bats (D:1 D:2 D:3)
  2 frilled lizards (D:1)
  5 gnoll skeletons (Ossuary)
  6 goblin skeletons (Ossuary)
  2 goblin zombies (Ossuary)
  2 hobgoblin skeletons (Ossuary)
  A hobgoblin zombie (Ossuary)
  4 kobold skeletons (Ossuary)
  5 kobold zombies (Ossuary)
  6 orc skeletons (Ossuary)
  5 orc zombies (Ossuary)
  31 rats (D:1 D:2 D:3 Sewer)
  2 rat skeletons (Ossuary)
  5 rat zombies (Ossuary)
911 creatures vanquished.

Vanquished Creatures (others)
  A centaur (D:7)
  An orc priest (D:7)
  3 orc wizards (D:7 Orc:2)
  2 orcs (D:7)
  42 fungi (D:3 Lair:2 Lair:3 Lair:4 Lair:5)
  99 plants (D:1 Lair:2 Lair:3 Lair:4 Lair:5)
148 creatures vanquished.

Grand Total: 1059 creatures vanquished

Table legend: (Time is in decaauts)
 A = Elapsed time spent in this place.
 B = Non-inter-level travel time spent in this place.
 C = Inter-level travel time spent in this place.
 D = Time resting spent in this place.
 E = Time spent auto-exploring this place.
 F = Levels seen in this place.
 G = Mean time per level.
                   A        B        C        D        E       F      G
               +--------+--------+--------+--------+--------+-----+--------+
         Total |  40939 |  38303 |   2636 |   9885 |  15391 |  31 | 1320.6 |
       Dungeon |  19360 |  17650 |   1710 |   3739 |   8949 |  15 | 1290.7 |
        Temple |    345 |    309 |     36 |      0 |    295 |   1 |  345.0 |
          Lair |  10699 |  10074 |    625 |   3716 |   3131 |   5 | 2139.8 |
   Spider Nest |   3105 |   3013 |     92 |   1015 |   1175 |   3 | 1035.0 |
  Orcish Mines |   3044 |   2872 |    172 |    488 |    882 |   2 | 1522.0 |
         Sewer |    601 |    601 |      0 |    148 |     66 |   1 |  601.0 |
       Ossuary |   1319 |   1319 |      0 |    250 |    308 |   1 | 1319.0 |
        Bailey |   1097 |   1097 |      0 |    109 |    283 |   1 | 1097.0 |
      Ice Cave |    902 |    902 |      0 |    364 |    111 |   1 |  902.0 |
      Gauntlet |    463 |    463 |      0 |     54 |    190 |   1 |  463.0 |
               +--------+--------+--------+--------+--------+-----+--------+

Top non-repeatable levels by time:
  Lair:3: 3334 daAuts
  Lair:4: 2346 daAuts
  Lair:5: 2273 daAuts
    D:11: 2089 daAuts
   Orc:2: 2059 daAuts
Spider:2: 1913 daAuts
  Lair:2: 1716 daAuts
     D:6: 1691 daAuts
     D:8: 1669 daAuts
    D:12: 1660 daAuts
     D:4: 1448 daAuts
 Ossuary: 1319 daAuts
    D:15: 1274 daAuts
     D:3: 1243 daAuts
     D:7: 1220 daAuts

Table legend:
 A = Non-vault XP
 B = Vault XP
 C = Vault XP percentage of total XP
 D = Non-vault monster count
 E = Vault monster count
 F = Vault count percentage of total count
                 A         B        C        D         E       F
            +---------+---------+-------+---------+---------+-------
      Total |  112131 |   72341 |  39.2 |     559 |     353 |  38.7
            +---------+---------+-------+---------+---------+-------
        D:1 |      32 |       0 |   0.0 |      21 |       0 |   0.0
        D:2 |      41 |       0 |   0.0 |      16 |       0 |   0.0
        D:3 |     156 |     179 |  53.4 |      26 |      11 |  29.7
        D:4 |     611 |       0 |   0.0 |      26 |       0 |   0.0
        D:5 |     407 |     386 |  48.7 |      10 |       7 |  41.2
        D:6 |     707 |    1543 |  68.6 |      14 |       8 |  36.4
        D:7 |    1206 |       0 |   0.0 |      24 |       0 |   0.0
        D:8 |    3377 |     897 |  21.0 |      22 |       6 |  21.4
        D:9 |    1375 |       0 |   0.0 |      22 |       0 |   0.0
       D:10 |    1624 |       0 |   0.0 |      18 |       0 |   0.0
       D:11 |    6604 |    3446 |  34.3 |      22 |       8 |  26.7
       D:12 |    8694 |       0 |   0.0 |      25 |       0 |   0.0
       D:13 |    7709 |    2346 |  23.3 |      16 |       2 |  11.1
       D:14 |    9150 |    6073 |  39.9 |      23 |       7 |  23.3
       D:15 |    7381 |    3612 |  32.9 |      21 |       6 |  22.2
     Lair:1 |    3614 |       0 |   0.0 |      14 |       0 |   0.0
     Lair:2 |    8999 |    2065 |  18.7 |      27 |       6 |  18.2
     Lair:3 |   11183 |    6178 |  35.6 |      37 |      12 |  24.5
     Lair:4 |    3942 |    5281 |  57.3 |      15 |      12 |  44.4
     Lair:5 |    6855 |    8336 |  54.9 |      30 |      33 |  52.4
   Spider:1 |    7837 |    2189 |  21.8 |      22 |       6 |  21.4
   Spider:2 |   10132 |    1357 |  11.8 |      31 |       2 |   6.1
   Spider:3 |    4478 |       0 |   0.0 |      11 |       0 |   0.0
      Orc:1 |    2665 |    4505 |  62.8 |      23 |      11 |  32.4
      Orc:2 |    3352 |    8411 |  71.5 |      43 |      53 |  55.2
      Sewer |       0 |     368 | 100.0 |       0 |      51 | 100.0
    Ossuary |       0 |     282 | 100.0 |       0 |      54 | 100.0
     Bailey |       0 |    2126 | 100.0 |       0 |      25 | 100.0
      IceCv |       0 |   11038 | 100.0 |       0 |      28 | 100.0
   Gauntlet |       0 |    1723 | 100.0 |       0 |       5 | 100.0
            +---------+---------+-------+---------+---------+-------
